 Dungeon Crawl Stone Soup version 0.31-a0-496-g6f97920a28 (webtiles) character file.

Game seed: 11245748755834440115

99 randomguy2701 the Stinger (level 4, -4/27 HPs)
             Began as an Octopode Venom Mage on Aug 8, 2023.
             Slain by Grinder (5 damage)
             ... on level 3 of the Dungeon.
             The game lasted 00:03:31 (2293 turns).

randomguy2701 the Stinger (Octopode Venom Mage)     Turns: 2293, Time: 00:03:32

Health: -4/27      AC:  1    Str:  7    XL:     4   Next: 72%
Magic:  1/8        EV: 13    Int: 19    God:
Gold:   130        SH:  0    Dex: 12    Spells: 3/8 levels left

rFire   x . .        (no weapon)
rCold   + . .        (no shield)
rNeg    . . .        (helmet restricted)
rPois   .            (no amulet)
rElec   .            d - ring of willpower
rCorr   .            i - ring of ice
SInv    .            (no ring)
Will    +....        (no ring)
Stlth   +++          (no ring)
HPRegen 0.24/turn    (no ring)
MPRegen 0.11/turn    (no ring)
                     (no ring)

%: no passive effects
@: no status effects
A: almost no armour, amphibious, 8 rings, camouflage 1, gelatinous body 1,
(nimble swimmer 1), tentacles
a: no special abilities


You were on level 3 of the Dungeon.
You visited 1 branch of the dungeon, and saw 3 of its levels.

You collected 130 gold pieces.

Inventory:

Jewellery
 d - a ring of willpower (left tentacle)
 i - a ring of ice (right tentacle)
 l - a +6 ring of strength
Scrolls
 b - 3 scrolls of identify {unknown}
 e - 2 scrolls of silence {unknown}
 g - a scroll of fog {unknown}
 k - a scroll of amnesia {unknown}
Potions
 a - 2 potions of magic
 c - a potion of curing {unknown}
 f - a potion of heal wounds {unknown}
 h - a potion of degeneration {unknown}
 j - a potion of might {unknown}


   Skills:
 + Level 2.1 Dodging
 * Level 3.9 Stealth
 + Level 2.8 Spellcasting
 + Level 1.8 Transmutations
 + Level 4.7 Poison Magic


You had 3 spell levels left.
You knew the following spells:

 Your Spells              Type           Power      Damage    Failure   Level
a - Sting                 Tmut/Pois      60%        1d6       4%          1
b - Olgreb's Toxic Radia  Pois           20%        N/A       22%         4

Your spell library contained the following spells:

 Spells                   Type           Power      Damage    Failure   Level
 Poisonous Vapours        Pois/Air       22%        N/A       9%          2
 Mephitic Cloud           Conj/Pois/Air  8%         N/A       24%         3


Dungeon Overview and Level Annotations

Branches:
Dungeon (3/15)

Altars:

Annotations:
D:3 Grinder


Innate Abilities, Weirdness & Mutations

You cannot wear most types of armour.
You are amphibious.
You can wear up to eight rings at the same time.
Your skin changes colour to match your surroundings (Stealth+).
Your rubbery body absorbs attacks. (AC +1, EV +1)
((You are camouflaged when in or above water. (Stealth+)))
You have tentacles for arms and can constrict up to eight enemies at once.


Message History

Press: ? - help, Shift-Dir - straight line, f/p - Grinder
Aim: Grinder (moderately wounded, poisoned, 71% to hit)
You miscast Sting.
You are very lightly contaminated with residual magic.
Nothing appears to happen.
Grinder barely misses you.
Unknown command.
Casting: Sting (safe; 4% risk of failure)
Confirm with . or Enter, or press ? or * to list all spells.
Aiming: Sting (safe; 4% risk of failure)
Press: ? - help, Shift-Dir - straight line, f/p - Grinder
Aim: Grinder (moderately wounded, poisoned, 71% to hit)
The sting hits Grinder.
Grinder partially resists.
Grinder looks even sicker.
Grinder is moderately wounded.
Grinder completely misses you.
Casting: Sting (safe; 4% risk of failure)
Confirm with . or Enter, or press ? or * to list all spells.
Aiming: Sting (safe; 4% risk of failure)
Press: ? - help, Shift-Dir - straight line, f/p - Grinder
Aim: Grinder (moderately wounded, very poisoned, 71% to hit)
The sting hits Grinder but does no damage.
Grinder looks even sicker.
Grinder is moderately wounded.
Grinder hits you.
You writhe in agony.
Grinder attacks as you move away! Grinder misses you.
Grinder says, "FISH!"
Grinder gestures at you.
You suddenly lose the ability to move!
Your magical contamination has completely faded away.
Grinder hits you.
You writhe in agony.
Grinder gestures at you. You resist with some effort. Grinder gestures at you.
You resist with some effort.
You can move again.
Grinder attacks as you move away! Grinder hits you.
Grinder attacks as you move away! Grinder completely misses you.
Grinder attacks as you move away! Grinder hits you!
* * * LOW HITPOINT WARNING * * *
You writhe in agony.
You die...

#.# ##...## ###.# ##.....##
##.#.# ##.......##
##....###.........#
#.......+.........+
##....###........<# ###.#.#
##.......## #.....#
##..5..## #.##### ##.@.##
#.# ##'## ##.## #.# #...#
#.# ###...### ##.##
#.......#######...########
#...............รท.........
#.......###.##....########
###...#.# #.##.#.##


You could see Grinder (poisoned).

Vanquished Creatures
  Terence (D:2)
  2 adders (D:2)
  A worm (D:2)
  A dart slug (D:1)
  4 orcs (D:2)
  3 endoplasms
  3 giant cockroaches
  4 goblins
  4 hobgoblins
  2 jackals (D:3)
  4 ball pythons
  3 bats
  3 frilled lizards
  3 kobolds
  5 rats
43 creatures vanquished.

Notes
Turn   | Place    | Note
-------+----------+-------------------------------------------
     0 | D:1      | randomguy2701 the Octopode Venom Mage began the quest for
                  | the Orb.
     0 | D:1      | Reached XP level 1. HP: 11/11 MP: 3/3
   167 | D:1      | Reached skill level 4 in Poison Magic
   167 | D:1      | Reached XP level 2. HP: 17/17 MP: 0/5
   409 | D:1      | Found a faded altar of an unknown god.
   833 | D:2      | Reached XP level 3. HP: 12/21 MP: 0/6
  1050 | D:2      | Noticed Terence
  1063 | D:2      | Killed Terence
  1064 | D:2      | Reached XP level 4. HP: 3/27 MP: 1/7
  1464 | D:2      | Learned a level 4 spell: Olgreb's Toxic Radiance
  2138 | D:3      | Noticed Grinder
  2283 | D:3      | Paralysed by Grinder for 5 turns
  2293 | D:3      | HP: 1/27 [Grinder (9)]
  2293 | D:3      | Slain by Grinder

Illustrated notes

Levels and vault maps discovered:
D:1:      co_arrival_square_in_a_square_in_a_square, layout_basic,
          shapermc_ecumenical_altar_notcrosses, serial_bayou_lake_a
D:2:      layout_basic, uniq_terence
D:3:      layout_loops_corners, minmay_misc_feat_diagonals, uniq_grinder,
          uniq_pargi, uniq_robin

Skill      XL: |  1  2 |
---------------+-------+-----
Poison Magic   | 4 |  4.7
Stealth        | 3 |  3.9
Dodging        | |  2.1
Spellcasting   | |  2.8
Transmutations | |  1.8

Action                     |  1- 3 |  4- 6 || total
---------------------------+-------+-------++-------
  Melee: Unarmed           |     1 |     4 ||     5
         Constrict         |     1 |     1 ||     2
         Tentacles         |       |     2 ||     2
   Cast: Sting             |    38 |    53 ||    91
         Olgreb's Toxic Ra |       |     1 ||     1
 Armour: Skin              |     1 |     2 ||     3
  Dodge: Dodged            |     9 |    37 ||    46

Table legend: (Time is in decaauts)
 A = Elapsed time spent in this place.
 B = Non-inter-level travel time spent in this place.
 C = Inter-level travel time spent in this place.
 D = Time resting spent in this place.
 E = Time spent auto-exploring this place.
 F = Levels seen in this place.
 G = Mean time per level.
                   A        B        C        D        E       F      G
               +--------+--------+--------+--------+--------+-----+--------+
         Total |   2291 |   2221 |     70 |      0 |   1881 |   3 |  763.7 |
       Dungeon |   2291 |   2221 |     70 |      0 |   1881 |   3 |  763.7 |
               +--------+--------+--------+--------+--------+-----+--------+

Top non-repeatable levels by time:
     D:2: 1194 daAuts
     D:1: 819 daAuts
     D:3: 277 daAuts
